Map: Eastwatch LE

Players

axu

  • Race: Protoss Protoss
  • League: Platinum
  • Spawn Location: 1:00

wulfang - Winner!

  • Race: Protoss Protoss
  • League: Platinum
  • Spawn Location: 7:00

VOD

Have the link to the VOD?

Description

Time

  • Played on: May 7, 2018, 10:19 a.m.
  • Length: 6:55
Show
View Real Time Build Order
Export as new Build Order

axu Protoss 

Build Orders:  

Get SALT Encoding   

  12  0:01  Probe  
  13  0:13  Probe  
  14  0:20  Pylon  
  14  0:25  Probe  
  15  0:38  Probe  
  15  0:42  Gateway  
  16  0:46  Probe  
  16  0:52  Assimilator  
  17  0:59  Probe  
  17  1:00  Assimilator  
  18  1:15  Gateway  
  18  1:19  Probe  
  19  1:35  Cybernetics Core  
  19  2:13  Adept x2  
  23  2:16  Pylon  
  23  2:33  Probe  
  24  2:41  Probe  
  24  2:49  Probe  
  25  2:51  Stalker x2  
  25  2:57  Pylon  
  30  3:00  Probe  
  31  3:11  Robotics Facility  
  31  3:15  Probe  
  28  3:55  Pylon  
  27  4:52  Nexus  
  27  4:53  Nexus  
  27  5:18  Pylon  
  23  6:05  Gateway  
  23  6:06  Gateway  
  23  6:27  Pylon  
  23  6:29  Pylon  
  23  6:36  Assimilator  
Show
View Real Time Build Order
Export as new Build Order

wulfang Protoss - Winner!

Build Orders:  

Get SALT Encoding   

  12  0:08  Probe  
  13  0:17  Probe  
  14  0:25  Probe  
  14  0:26  Pylon  
  15  0:40  Pylon  
  15  0:44  Probe  
  16  0:56  Forge  
  16  0:57  Probe  
  17  1:07  Gateway  
  17  1:16  Gateway  
  17  1:27  Gateway  
  17  1:48  Gateway  
  17  1:57  Zealot  
  17  2:00  Zealot, Photon Cannon  
  19  2:09  Pylon  
  19  2:14  Zealot  
  23  2:20  Zealot  
  23  2:26  Zealot  
  27  2:35  Zealot  
  29  2:41  Zealot  
  31  2:48  Zealot  
  33  2:53  Zealot  
  35  3:02  Zealot  
  37  3:11  Zealot  
  32  4:05  Zealot  
  31  5:01  Photon Cannon  
Tags
 
Add a new tag
Caveats
  • Supply blocks, unpowered buildings, or Contaminate may cause inaccurate times.
  • Supply counts are checked every 10 seconds.